 Dungeon Crawl Stone Soup version 0.28.0-53-g5a82cb258f (webtiles) character file.

Game seed: 16901502913708599036

1075 Woods the Insei (level 8, -7/60 HPs)
             Began as a Gnoll Transmuter on July 29, 2022.
             Was an Initiate of Ashenzari.
             Killed by divine providence
             ... invoked by an orc priest
              (11 damage)
             ... on level 5 of the Dungeon.
             The game lasted 00:07:40 (5467 turns).

Woods the Insei (Gnoll Transmuter)                  Turns: 5467, Time: 00:07:40

Health: -7/60      AC:  3    Str:  9    XL:     8   Next: 29%
Magic:  17/17      EV: 14    Int: 15    God:    Ashenzari [......]
Gold:   267        SH:  0    Dex: 13    Spells: 13/19 levels left

rFire   . . .      SeeInvis .     - Unarmed
rCold   . . .      Faith    .   (no shield)
rNeg    . . .      Spirit   .   a - +0 robe
rPois   .          Reflect  .   (no helmet)
rElec   .          Harm     .   (no cloak)
rCorr   .          Rampage  .   k - +0 pair of gloves
Will    .....                   (no boots)
Stlth   +.........              (no amulet)
HPRegen 0.20/turn               (no ring)
MPRegen 0.15/turn               (no ring)

@: confused
A: fangs 1, strong nose, distributed training
a: Renounce Religion, Curse Item


You were on level 5 of the Dungeon.
You worshipped Ashenzari.
Ashenzari was noncommittal.
You visited 2 branches of the dungeon, and saw 6 of its levels.

You collected 267 gold pieces.

Inventory:

Armour
 a - a +0 robe (worn)
 k - a +0 pair of gloves (worn)
Wands
 j - a wand of acid (6)
Scrolls
 b - 5 scrolls of identify {unknown}
 e - a scroll of silence {unknown}
 f - 2 scrolls of teleportation {unknown}
 g - a scroll of magic mapping {unknown}
 h - a scroll of enchant armour {unknown}
 i - 2 scrolls of amnesia {unknown}
 o - a scroll of fear {unknown}
Potions
 c - a potion of haste {unknown}
 d - 2 potions of mutation {unknown}
 l - 2 potions of resistance {unknown}
 m - a potion of magic {unknown}
 n - a potion of flight {unknown}
 p - a potion of lignification {unknown}
 q - a potion of curing {unknown}


   Skills:
 + Level 4.1 Fighting
 + Level 3.1 Short Blades
 + Level 3.1 Long Blades
 + Level 3.1 Axes
 + Level 3.1 Maces & Flails
 + Level 3.1 Polearms
 + Level 3.1 Staves
 + Level 3.1 Slings
 + Level 3.1 Bows
 + Level 3.1 Crossbows
 + Level 3.1 Throwing
 + Level 3.1 Armour
 + Level 5.6 Dodging
 + Level 3.1 Stealth
 + Level 3.1 Shields
 + Level 7.3 Unarmed Combat
 + Level 6.0 Spellcasting
 + Level 2.5 Conjurations
 + Level 2.5 Hexes
 + Level 2.5 Summonings
 + Level 2.5 Necromancy
 + Level 2.5 Translocations
 + Level 4.6 Transmutations
 + Level 2.5 Fire Magic
 + Level 2.5 Ice Magic
 + Level 2.5 Air Magic
 + Level 2.5 Earth Magic
 + Level 2.5 Poison Magic
 + Level 3.4 Invocations
 + Level 3.1 Evocations


You had 13 spell levels left.
You knew the following spells:

 Your Spells              Type           Power      Damage    Failure   Level
a - Beastly Appendage     Tmut           36%        N/A       2%          1
b - Wereblood             Tmut           18%        N/A       3%          2
c - Spider Form           Tmut/Pois      15%        N/A       10%         3

Your spell library contained the following spells:

 Spells                   Type           Power      Damage    Failure   Level
 Static Discharge         Conj/Air       12%        N/A       8%          2
 Ignite Poison            Fire/Tmut/Pois 14%        N/A       12%         3
 Mephitic Cloud           Conj/Pois/Air  12%        N/A       16%         3
 Ice Form                 Ice/Tmut       15%        N/A       32%         4
 Freezing Cloud           Conj/Ice/Air   6%         6-21      82%         5
 Lightning Bolt           Conj/Air       6%         1d18      82%         5
 Maxwell's Capacitive Co  Air            6%         ∞         100%        8


Dungeon Overview and Level Annotations

Branches:
Dungeon (5/15)             Temple (1/1) D:4

Altars:
Ashenzari
Cheibriados
Dithmenos
Elyvilon
Fedhas
Gozag
Hepliaklqana
Kikubaaqudgha
Makhleb
Nemelex Xobeh
Okawaru
Qazlal
Ru
Sif Muna
Trog
Uskayaw
Vehumet
Wu Jian
Yredelemnul
Zin
The Shining One

Shops:
D:5 =*:*


Innate Abilities, Weirdness & Mutations

You have very sharp teeth.
Your uncanny sense of smell can sniff out nearby items.
Your experience applies equally to all skills.


Message History

You bite the bullfrog skeleton!
The bullfrog skeleton is heavily damaged.
The bullfrog skeleton misses you.
You hit the bullfrog skeleton.
The bullfrog skeleton is severely damaged.
The bullfrog skeleton completely misses you.
You bite the bullfrog skeleton!
You destroy the bullfrog skeleton!
Your Spellcasting skill increases to level 6!
Found a scroll labelled FIEFIU EXTOZA.
Found Pistuori's General Store.
An orc priest, an orc, an orc wizard and an ogre come into view.
Your transformation is almost over.
The orc priest shouts!
You hear a shout!
The orc wizard shouts!
The ogre shouts! 2 orcs come into view.
The orc wizard points at you and mumbles some strange words.
The magic dart hits you!
The orc wizard gestures at you while chanting.
You are confused.
The orc wizard casts a spell at you. The magic dart hits you!
The orc priest mumbles some strange prayers to Beogh against you.
Beogh smites you!
Your transformation has ended.
Your +0 pair of gloves unmelds from your body.
Your +0 robe unmelds from your body.
The ogre closely misses you. The orc wizard casts a spell at you.
The magic dart hits you. The ogre barely misses you.
You feel less confused.
The ogre hits you with a +0 giant spiked club!
* * * LOW HITPOINT WARNING * * *
The orc wizard points at you and mumbles some strange words.
You are confused.
The orc priest casts a cantrip, but nothing happens.
The orc hits you with a +0 club.
* * * LOW HITPOINT WARNING * * *
The orc priest calls down the wrath of Beogh upon you.
Beogh smites you!
You die...

#.S...≈≈.≈≈.. #.....≈≈∩≈≈..
..... ......≈≈≈≈≈# #
.....##.....#≈≈≈# .##
.....#......#..## ...#
...#.#..# #.....#####...##
##.#...#####.....##... ..#
.......#.##......##.# #.## #
....##......##..@...##...#.o
..........#.....Ooooo.......
.##...#...##......o....≈≈≈o#
..###.##..####........≈≈≈≈≈#
...##....## #......#.#≈≈∩≈≈
#..##..### #....##...≈≈.≈≈#
#..###.# #...####..?≈.≈##
#..# ### ##### #.#...## #.##
#######


You could see an ogre, an orc priest, an orc wizard and 3 orcs.

Vanquished Creatures
  Sigmund (D:3)
  A wyvern (D:5)
  Menkaure (D:4)
  An ogre (D:5)
  3 phantoms
  A scorpion (D:4)
  A howler monkey (D:4)
  An orc priest (D:3)
  A bullfrog skeleton (D:5)
  Jessica (D:2)
  Terence (D:3)
  2 hound skeletons
  3 adders
  An ufetubus (D:5)
  2 dart slugs
  2 worms
  8 orcs
  4 bats
  3 endoplasms (D:1)
  A giant cockroach (D:2)
  13 goblins
  5 hobgoblins
  13 jackals
  A quokka (D:1)
  3 ball pythons
  A frilled lizard (D:1)
  8 kobolds
  4 rats
87 creatures vanquished.

Notes
Turn   | Place    | Note
-------+----------+-------------------------------------------
     0 | D:1      | Woods the Gnoll Transmuter began the quest for the Orb.
     0 | D:1      | Reached XP level 1. HP: 17/17 MP: 6/6
    58 | D:1      | Reached XP level 2. HP: 18/23 MP: 7/7
    72 | D:1      | Learned a level 2 spell: Wereblood
   180 | D:1      | Found a faded altar of an unknown god.
   268 | D:1      | Reached XP level 3. HP: 22/28 MP: 9/9
   277 | D:1      | Reached skill level 5 in Spellcasting
  1064 | D:2      | Reached skill level 1 in Invocations
  1119 | D:2      | Noticed Jessica
  1200 | D:1      | Learned a level 3 spell: Spider Form
  1208 | D:2      | Killed Jessica
  1209 | D:2      | Reached skill level 1 in Short Blades
  1209 | D:2      | Reached skill level 1 in Long Blades
  1209 | D:2      | Reached skill level 1 in Axes
  1209 | D:2      | Reached skill level 1 in Maces & Flails
  1209 | D:2      | Reached skill level 1 in Polearms
  1209 | D:2      | Reached skill level 1 in Staves
  1209 | D:2      | Reached skill level 1 in Slings
  1209 | D:2      | Reached skill level 1 in Bows
  1209 | D:2      | Reached skill level 1 in Crossbows
  1209 | D:2      | Reached skill level 1 in Throwing
  1209 | D:2      | Reached skill level 1 in Armour
  1209 | D:2      | Reached skill level 1 in Stealth
  1209 | D:2      | Reached skill level 1 in Shields
  1209 | D:2      | Reached skill level 1 in Evocations
  1209 | D:2      | Reached XP level 4. HP: 31/34 MP: 8/11
  1312 | D:2      | Found a sparkling altar of Nemelex Xobeh.
  1923 | D:3      | Reached skill level 1 in Conjurations
  1923 | D:3      | Reached skill level 1 in Hexes
  1923 | D:3      | Reached skill level 1 in Summonings
  1923 | D:3      | Reached skill level 1 in Necromancy
  1923 | D:3      | Reached skill level 1 in Translocations
  1923 | D:3      | Reached skill level 1 in Fire Magic
  1923 | D:3      | Reached skill level 1 in Ice Magic
  1923 | D:3      | Reached skill level 1 in Air Magic
  1923 | D:3      | Reached skill level 1 in Earth Magic
  1923 | D:3      | Reached skill level 1 in Poison Magic
  2450 | D:3      | Noticed Terence
  2459 | D:3      | Killed Terence
  2460 | D:3      | Reached XP level 5. HP: 27/40 MP: 8/12
  2772 | D:3      | Noticed Sigmund
  2783 | D:3      | Killed Sigmund
  2784 | D:3      | Reached skill level 5 in Dodging
  2784 | D:3      | Reached XP level 6. HP: 42/47 MP: 10/14
  3238 | D:4      | Reached XP level 7. HP: 52/52 MP: 11/15
  3724 | D:4      | Reached skill level 7 in Unarmed Combat
  3849 | D:4      | Noticed Menkaure
  3896 | D:4      | Killed Menkaure
  4229 | D:4      | Found a staircase to the Ecumenical Temple.
  4247 | Temple   | Entered the Ecumenical Temple
  4554 | Temple   | Became a worshipper of Ashenzari the Shackled
  4630 | D:5      | Entered Level 5 of the Dungeon
  4653 | D:5      | Noticed a wyvern
  4667 | D:5      | Killed a wyvern
  4668 | D:5      | Reached XP level 8. HP: 6/60 MP: 12/16
  5354 | D:5      | Found Jiatam's Jewellery Shoppe.
  5404 | D:5      | Found Goplocog's Assorted Antiques.
  5437 | D:5      | Found Nicadgh's Book Boutique.
  5452 | D:5      | Found Pistuori's General Store.
  5467 | D:5      | Killed from afar by an orc priest

Illustrated notes

Levels and vault maps discovered:
D:1:      scummos_arrival_hexagon, layout_basic,
          hellmonk_ecumenical_altar_arch_garden, minmay_quantized
D:2:      layout_rooms, basic_altar, serial_curves, eino_curves_01,
          eino_curves_02, eino_curves_03, st_stairs_14, uniq_jessica
D:3:      cheibrodos_pilgrimage, layout_loops_ring, uniq_sigmund, uniq_terence
D:4:      layout_gridville, temple_green, amethyst_killhole,
          nicolae_concentric_dashed_squares_mild, uniq_menkaure
D:5:      layout_cave_pools, serial_shops, nicolae_shop_waterfront,
          nicolae_stop_n_shop_2, nicolae_shop_behind_doors,
          nicolae_take_the_stairs, nicolae_shop_waterfront
Temple:   roderic_octagonal_lattice_temple

Skill      XL: |  1  2  3  4  5  6  7  8 |
---------------+-------------------------+-----
Spellcasting   | 5 6 |  6.0
Invocations    | 1 2 3 |  3.4
Short Blades   | 1 2 3 |  3.1
Long Blades    | 1 2 3 |  3.1
Axes           | 1 2 3 |  3.1
Maces & Flails | 1 2 3 |  3.1
Polearms       | 1 2 3 |  3.1
Staves         | 1 2 3 |  3.1
Slings         | 1 2 3 |  3.1
Bows           | 1 2 3 |  3.1
Crossbows      | 1 2 3 |  3.1
Throwing       | 1 2 3 |  3.1
Armour         | 1 2 3 |  3.1
Stealth        | 1 2 3 |  3.1
Shields        | 1 2 3 |  3.1
Evocations     | 1 2 3 |  3.1
Conjurations   | 1 2 |  2.5
Hexes          | 1 2 |  2.5
Summonings     | 1 2 |  2.5
Necromancy     | 1 2 |  2.5
Translocations | 1 2 |  2.5
Fire Magic     | 1 2 |  2.5
Ice Magic      | 1 2 |  2.5
Air Magic      | 1 2 |  2.5
Earth Magic    | 1 2 |  2.5
Poison Magic   | 1 2 |  2.5
Fighting       | 3 4 |  4.1
Transmutations | 4 |  4.6
Dodging        | 5 |  5.6
Unarmed Combat | 7 |  7.3

Action                   |  1- 3 |  4- 6 |  7- 9 || total
-------------------------+-------+-------+-------++-------
Melee: Unarmed           |    60 |   114 |    91 ||   265
       Headbutt          |     7 |     4 |       ||    11
       Punch             |     6 |       |       ||     6
       Kick              |     5 |     8 |       ||    13
       Bite              |     4 |     7 |     2 ||    13
 Cast: Beastly Appendage |     7 |    11 |       ||    18
       Wereblood         |     1 |     1 |       ||     2
       Spider Form       |     1 |     7 |    14 ||    22
 Abil: End Transformatio |       |     2 |       ||     2
 Stab: Sleeping          |       |     2 |     2 ||     4
Armor: Robe              |    12 |     7 |     3 ||    22
       Skin              |       |     3 |     3 ||     6
Dodge: Dodged            |    51 |    69 |    71 ||   191
